[Event "Early-Titled-Tuesday-Blitz-February-20-2024"]
[Site "Chess.com"]
[Date "2024.02.20"]
[Round "2"]
[White "Sofia_Blokhin"]
[Black "Zq1"]
[Result "0-1"]
[WhiteElo "2249"]
[BlackElo "2510"]
[TimeControl "180+1"]
[EndTime "8:19:01 PST"]
[Termination "Zq1 won by resignation"]

1. d4 Nf6 2. c4 a6 3. Nc3 c5 4. d5 b5 5. cxb5 axb5 6. Nxb5 Qa5+ 7. Nc3 Bb7 8. Bd2 Qb6 9. e4 e6 10. dxe6 fxe6 11. f3 Nc6 12. Be2 Nd4 13. Rb1 Be7 14. Nh3 Nxe2 15. Nxe2 Rxa2 16. Bc3 O-O 17. O-O d5 18.
exd5 exd5 19. Nhf4 d4 20. Be1 Rxb2 21. Rxb2 Qxb2 22. Nd3 Qb5 23. Bg3 Ba6 24. Nec1 Nd5 25. Re1 Ne3 26. Qd2 c4 27. Nf4 Bb4 28. Qxd4 Bxe1 29.
Qxe3 Bxg3 30. hxg3 Re8 31. Qc3 Qc5+ 32. Kh2 Qe3 33. Qa5 Qxc1 34. Qxa6 h6 35. Qc6 Qe3 36. Qd5+ Kh7 37. Qf5+ Kg8 38. Qd5+ Kh8 39. Ng6+ Kh7 40. Qf5 Kg8 41. Qd5+ Kh7 42. Qf5 Kg8 43. Qd5+ Qe6 44. Qh5 c3 45. Nf4 Qf7 46. Qc5 Re7 47. Qxc3 Re8 48.
Qc5 Rf8 49. Qc6 Qf6 50. Qd5+ Qf7 51. Qc5 Kh7 52. Qd4 g6 53. Qd3 Qf5 54. Qd6 Rf7 55. Qc6 Qf6 56. Qd5 h5 57. Qc5 h4 58. gxh4 Qxf4+ 59. g3 Qf5 60. Qc6 Qxf3 61. Qd6 Qf2+ 62. Kh3 Qf5+ 63.
Kh2 Qf6 64. Qd5 Re7 65. Qc5 Re2+ 66. Kh3 Qf5+ 67. Qxf5 gxf5 68. h5 Kh6 69. g4 Re3+ 70. Kh4 Re4 71. Kg3 Rxg4+ 0-1

[Event "Early-Titled-Tuesday-Blitz-February-20-2024"]
[Site "Chess.com"]
[Date "2024.02.20"]
[Round "2"]
[White "LevonAronian"]
[Black "FREDERICKtheMATE"]
[Result "1/2-1/2"]
[WhiteElo "3082"]
[BlackElo "2681"]
[TimeControl "180+1"]
[EndTime "8:19:02 PST"]
[Termination "Game drawn - timeout vs insufficient material"]

1. e4 c5 2. Nf3 Nc6 3. Bb5 g6 4. Bxc6 dxc6 5. d3 Bg7 6. h3 Qc7 7. a4 a5 8. Nc3 e5 9. Be3 b6 10.
O-O h6 11. Nd2 Be6 12. f4 exf4 13. Bxf4 Qd7 14. e5 Ne7 15. Nde4 Nd5 16. Nd6+ Ke7 17. Nxd5+ cxd5 18. Qd2 Kd8 19. d4 Kc7 20. Ra3 Qc6 21. Bg3 Rhf8 22. Kh2 g5 23. Rb3 c4 24. Rb5 Kb8 25.
b4 axb4 26. Qxb4 Kc7 27. a5 Rfb8 28. Nxf7 bxa5 29. Qe7+ Qd7 30. Rc5+ Kb6 31. Qxd7 Bxd7 32. Nd6 a4 33. Rf7 a3 34. Rxg7 a2 35. Rxd7 a1=Q 36. e6 Qxd4 37. Rb5+ Kc6 38. Rc7+ Kxc7 39. Rxb8 Kxb8 40.
Nf5+ Qf4 41. Bxf4+ gxf4 42. Ne7 Kc7 43. Nxd5+ Kd6 44. Nxf4 Ra2 45. Kg3 Rxc2 46. Kf3 Rd2 47. Ke3 Rd1 48. Ke2 Ra1 49. Kd2 Ra3 50. Kc2 Ke5 51.
e7 Ra8 52. g3 Kd6 53. Kc3 Kxe7 54. Kxc4 Ra3 55. Nh5 Kf7 56. Kd4 Kg6 57. Nf4+ Kf5 58. Ne2 Rf3 59. h4 h5 60. Nf4 Kg4 61. Ne2 Ra3 62.
Ke4 Rb3 63. Kd4 Kf3 64. Kc4 Ra3 65. Nf4 Ra5 66. Ng6 Kxg3 67. Kd4 Ra6 68. Ne5 Kxh4 69. Nd3 Kg3 70. Nc5 Re6 71. Ne4+ 1/2-1/2

[Event "Early-Titled-Tuesday-Blitz-February-20-2024"]
[Site "Chess.com"]
[Date "2024.02.20"]
[Round "2"]
[White "Supergiuly"]
[Black "Dinamo3"]
[Result "1-0"]
[WhiteElo "2332"]
[BlackElo "2516"]
[TimeControl "180+1"]
[EndTime "8:19:02 PST"]
[Termination "Supergiuly won by checkmate"]

1. e4 c5 2. Nf3 Nc6 3. a3 g6 4. c3 Nf6 5. Qc2 Bg7 6. d4 cxd4 7. cxd4 d5 8. e5 Ne4 9. Bb5 O-O 10. O-O Bg4 11.
Bxc6 Rc8 12. h3 Rxc6 13. Qe2 Bd7 14. Nbd2 Nxd2 15. Bxd2 Qb6 16. b4 Rc2 17. Qd3 Bf5 18. Qb3 Rfc8 19. Rac1 e6 20. Rxc2 Bxc2 21. Qb2 Be4 22.
Nh2 Rc2 23. Rc1 Qc7 24. Rxc2 Bxc2 25. Ng4 Qc4 26. Qc3 Qxc3 27. Bxc3 h5 28. Ne3 Bd3 29.
Nd1 Bh6 30. Nb2 Be2 31. Na4 b6 32. Bb2 Bd2 33. Nc3 Bc4 34. Nb1 Bf4 35. g3 Bh6 36. Kg2 Kf8 37. Kf3 Ke7 38. Nc3 Kd7 39. Nd1 Kc6 40. Ne3 Bd3 41. Bc1 Bf8 42. Nd1 Kb5 43. Nb2 Bf1 44. Kf4 Bxh3 45. Kg5 a5 46.
Kf6 axb4 47. axb4 Bxb4 48. Kxf7 Bf5 49. f3 Ba3 50. Nd3 Bxc1 51. Nxc1 Kc4 52. g4 hxg4 53. fxg4 Be4 54. Kxe6 b5 55. Kf6 Bf3 56. Kg5 b4 57. e6 b3 58. Nxb3 Kxb3 59. e7 Be4 60. e8=Q Kc4 61. Qe5 Kd3 62. Kf4 Kc4 63. Ke3 Kc3 64.
g5 Kc4 65. Qxe4 dxe4 66. Kxe4 Kb5 67. Ke5 Kc6 68. Ke6 Kc7 69. d5 Kd8 70. Kd6 Ke8 71. Kc7 Kf8 72. d6 Kg7 73. d7 Kf7 74. d8=Q Kg7 75.
Qf6+ Kg8 76. Qxg6+ Kh8 77. Qh6+ Kg8 78. Qe6+ Kh8 79. Qe7 Kg8 80. Kd6 Kh8 81. Ke6 Kg8 82. Kf6 Kh8 83. Kg6 Kg8 84. Qg7# 1-0

[Event "Early-Titled-Tuesday-Blitz-February-20-2024"]
[Site "Chess.com"]
[Date "2024.02.20"]
[Round "2"]
[White "simonachess"]
[Black "JoliyRoger"]
[Result "0-1"]
[WhiteElo "2311"]
[BlackElo "2536"]
[TimeControl "180+1"]
[EndTime "8:19:05 PST"]
[Termination "JoliyRoger won on time"]

1. d4 Nf6 2. c4 e6 3. Nc3 Bb4 4.
Qc2 O-O 5. e3 b6 6. Nf3 Bb7 7. Be2 Ne4 8. O-O Bxc3 9. bxc3 d6 10. Nd2 f5 11. f3 Nxd2 12. Bxd2 Nd7 13.
a4 a5 14. e4 f4 15. Qb3 Kh8 16. c5 dxc5 17. Qxe6 cxd4 18. cxd4 Nc5 19. Qa2 Qxd4+ 20. Kh1 Rad8 21. Rfd1 Qf2 22. Bc3 Ba6 23. Qf7 Ne6 24.
Rxd8 Rxd8 25. Bxa6 Qc2 26. Rg1 Qxc3 27. Qxe6 h6 28.
Bb5 Qd4 29. h4 Rf8 30. Be8 Qd8 31. Bg6 Qxh4+ 32. Qh3 Qg5 33. Bf5 g6 34. Bg4 h5 35.
Be6 Rd8 36. Bd5 c5 37. Rc1 Qf6 38. Qe6 Qxe6 39. Bxe6 Rd4 40. Bd5 Rxa4 41. Rb1 Rb4 42. Rc1 a4 43. e5 Kg7 44. e6 Kf8 45. Kh2 b5 46. Kh3 c4 47. Kh4 Ke7 48. Kg5 Rb2 49. Kxf4 a3 50. Ke5 Re2+ 51. Kd4 a2 52. Ra1 Rxg2 53.
f4 Rb2 54. Kc5 c3 55. Be4 b4 56. Kc4 c2 57. Bxc2 Rxc2+ 58. Kxb4 Rf2 59. Kc3 Kxe6 60. Kd3 Kf5 61. Ke3 Rb2 62. Kf3 h4 63. Ke3 Kg4 64.
Rg1+ Kh3 65. Rh1+ Kg2 66. Ra1 h3 0-1

[Event "Early-Titled-Tuesday-Blitz-February-20-2024"]
[Site "Chess.com"]
[Date "2024.02.20"]
[Round "2"]
[White "TitarovVasiliYouTube"]
[Black "Akylbek2021"]
[Result "1-0"]
[WhiteElo "2525"]
[BlackElo "2276"]
[TimeControl "180+1"]
[EndTime "8:19:09 PST"]
[Termination "TitarovVasiliYouTube won by resignation"]

1. e4 Nc6 2. b3 e5 3. Bb2 Nf6 4.
Nf3 Nxe4 5. Qe2 d5 6. d3 Nf6 7. Nxe5 Nxe5 8. Bxe5 Be6 9. Nd2 Bd6 10. Bxd6 Qxd6 11.
O-O-O O-O-O 12. h3 Qa3+ 13. Kb1 Rd6 14. Nf3 Ra6 15. c3 Re8 16. Qb2 Qa5 17. d4 Bf5+ 18. Bd3 Bxd3+ 19. Rxd3 Ne4 20. Re1 Rc6 21. b4 Qb5 22.
Rde3 f6 23. Qb3 g5 24. a4 Qc4 25. Qxc4 Rxc4 26. Kb2 Rg8 27. Kb3 Rc6 28. b5 Rd6 29. R1e2 g4 30. Nd2 f5 31. hxg4 Rxg4 32. f3 Nxd2+ 33.
Rxd2 Rg8 34. Re7 Rdg6 35. Rxh7 Rxg2 36. Rxg2 Rxg2 37. Rh5 f4 38. Rh4 Kd7 39. Rxf4 Ke6 40. Rf8 Rf2 41. Ra8 Kd6 42. Rxa7 b6 43. a5 bxa5 44. Ra6+ Kd7 45. Rxa5 Rxf3 46. Kb4 Rf1 47. Kc5 Rf5 48. Ra7 Kd8 49. Kc6 Rf3 50. Ra8+ Ke7 51. Ra3 Kd8 52. Kxd5 Kd7 53. Kc4 Rf5 54. Ra1 Rh5 55.
Rg1 Kc8 56. Rg8+ Kb7 57. Rg7 Kb6 58. Rg6+ Kb7 59. Re6 Rg5 60. d5 Rh5 61. Kc5 Rh8 62. b6 cxb6+ 63. Rxb6+ Kc7 64. c4 Rh4 65. Ra6 Rg4 66.
Ra7+ Kc8 67. Rh7 Rf4 68. Kb5 Rf5 69. Kc6 Rf6+ 70. d6 Rh6 71. Rxh6 1-0

[Event "Early-Titled-Tuesday-Blitz-February-20-2024"]
[Site "Chess.com"]
[Date "2024.02.20"]
[Round "2"]
[White "Kotlyar_K"]
[Black "Carlitus2004"]
[Result "0-1"]
[WhiteElo "2596"]
[BlackElo "2377"]
[TimeControl "180+1"]
[EndTime "8:19:11 PST"]
[Termination "Carlitus2004 won by resignation"]

1. e4 Nc6 2. Nf3 d6 3. d4 Nf6 4. Nbd2 e5 5. d5 Ne7 6. Bd3 g6 7. O-O Bg7 8. Nc4 O-O 9. Be3 h6 10. Nfd2 Ng4 11. f3 Nxe3 12. Nxe3 f5 13. c4 f4 14. Nc2 g5 15. b4 Rf7 16. c5 Ng6 17.
Nc4 Bf8 18. cxd6 cxd6 19. Be2 h5 20. N2a3 Rg7 21. h3 Nh4 22. Kh1 g4 23. fxg4 hxg4 24. Bxg4 Bxg4 25. hxg4 Nxg2 26. Kxg2 Qh4 27. Kf3 Qxg4+ 28.
Kf2 Qg2+ 29. Ke1 Be7 30. Qe2 Bh4+ 31. Kd1 f3 32. Qd3 Rc8 33. Ne3 Qg3 34. Nac2 Bg5 35.
Qd2 Rf7 36. Qd3 Qh2 37. Qd2 Qxd2+ 38. Kxd2 Rxc2+ 39. Kxc2 Bxe3 40. Kd3 Bd4 41. Rac1 f2 42. Rc8+ Kh7 43. Rc2 Rf3+ 44. Ke2 Re3+ 45. Kd1 Rf3 46. Rc7+ Kg6 47. Rxb7 Rd3+ 48. Kc2 Re3 49. Kd2 Rxe4 50. a4 Rf4 51. b5 e4 52. a5 e3+ 53.
Ke2 Bc5 54. Re7 Rc4 55. Kf3 Rc2 56. a6 e2 57. Rxe2 Rxe2 58. Kxe2 Kf6 59. Kd3 Ke5 60. Kc4 Ke4 61. Kc3 Ke3 62. Kc4 Ke2 63. Rxf2+ Kxf2 64. Kd3 Kf3 65. Kc4 Ke4 66. b6 Bxb6 67. Kb5 Kxd5 68. Kb4 Kc6 69. Kc4 d5+ 70. Kb4 d4 71. Kc4 Kd7 72. Kd3 Ke6 73. Kc4 Kd6 74. Kd3 Kd5 0-1

[Event "Early-Titled-Tuesday-Blitz-February-20-2024"]
[Site "Chess.com"]
[Date "2024.02.20"]
[Round "2"]
[White "Durarbayli"]
[Black "NovoselovRoman"]
[Result "1-0"]
[WhiteElo "2969"]
[BlackElo "2538"]
[TimeControl "180+1"]
[EndTime "8:19:12 PST"]
[Termination "Durarbayli won by resignation"]

1. c4 e6 2. e4 d5 3. exd5 exd5 4.
d4 Nf6 5. Nc3 Be7 6. cxd5 Nxd5 7.
Bc4 Nb6 8. Bb3 O-O 9. Nge2 c6 10. O-O Bf5 11. Nf4 Na6 12. Re1 Nb4 13. Re5 Qd7 14. a3 Na6 15. d5 Bf6 16. Re1 Bxc3 17. bxc3 Nc5 18. dxc6 Qxc6 19. Bd5 Qc7 20. c4 Rfe8 21. Be3 Ne4 22. Qd4 Rad8 23. Nh5 Qe5 24. Qxe5 Rxe5 25. Bxb6 axb6 26. Ng3 Rexd5 27. cxd5 Nxg3 28.
hxg3 Kf8 29. Rad1 Rd6 30. f3 h5 31. Kf2 g6 32. Ke3 Ke7 33. Kd4+ Kd7 34. Rd2 Be6 35.
Ke5 Bf5 36. Red1 b5 37. Kd4 Ra6 38. Kc5 Rxa3 39. Kxb5 Rb3+ 40. Kc5 b6+ 41. Kc4 Ra3 42.
Rb2 Kc7 43. d6+ Kc6 44. Kd4 Be6 45. Ke5 Re3+ 46. Kf6 b5 47. Rc2+ Kd7 48. Rc7+ Kd8 49. Ra1 Bd5 50. Raa7 Re6+ 51. Kg7 Rxd6 52. Rc5 Bc4 53. Rcc7 Be6 54. Rcb7 Kc8 55. Rxb5 Rd2 56. g4 hxg4 57. fxg4 Rxg2 58. g5 Rf2 59. Rc5+ Kb8 60.
Re7 Re2 61. Ra5 Rc2 62. Rb5+ Kc8 63. Kf8 Kd8 64. Rb8+ Rc8 65. Re8+ Kc7 66. Rbxc8+ Bxc8 67. Kxf7 Bf5 68. Rg8 Kd6 69. Rxg6+ Ke5 70. Rf6 Bd3 71. g6 Bc4+ 72. Ke7 Bd5 73. g7 Bc4 74. Rf8 Bd5 75. g8=Q Bxg8 76. Rxg8 1-0

[Event "Early-Titled-Tuesday-Blitz-February-20-2024"]
[Site "Chess.com"]
[Date "2024.02.20"]
[Round "2"]
[White "vugarrasulov"]
[Black "mortngabriel"]
[Result "1-0"]
[WhiteElo "2925"]
[BlackElo "2526"]
[TimeControl "180+1"]
[EndTime "8:19:14 PST"]
[Termination "vugarrasulov won by resignation"]

1. e4 c5 2. Nf3 Nc6 3. Bc4 d6 4. O-O Nf6 5. d3 g6 6. h3 Bg7 7. c3 O-O 8. Bb3 b5 9. Re1 b4 10. Ba4 Bd7 11. c4 Ne8 12. Nbd2 Nc7 13. Nf1 Ne6 14. Rb1 Ncd4 15. Nxd4 Nxd4 16. Ng3 a5 17. Ne2 Bxa4 18. Qxa4 Qe8 19. Qd1 a4 20. Be3 Nc6 21. Qd2 Qd7 22. Bh6 Rfb8 23. Bxg7 Kxg7 24. f4 e6 25. Rf1 f5 26. Rbd1 Rf8 27. Kh2 Rae8 28. Qc2 Qa7 29. b3 axb3 30. axb3 Ra8 31. Ra1 Qe7 32. Ra2 Rxa2 33. Qxa2 e5 34. Qa6 Qd7 35. exf5 Rxf5 36. Qb5 exf4 37. Nxf4 Ne5 38. Qxd7+ Nxd7 39. Kg3 h5 40. h4 Ne5 41. Ra1 Rf7 42. Ra6 Rd7 43. Kf2 Kf6 44. Ke3 Kf5 45.
Nd5 g5 46. hxg5 Kxg5 47. Ke4 h4 48. Ra8 Rf7 49. Rg8+ Ng6 50. Ne3 Re7+ 51. Kf3 Kh5 52. Nf5 Rf7 53. Ke4 Ne5 54. g3 hxg3 55. Nxg3+ Kh6 56. Nf5+ Kh7 57. Rg5 Ng6 58. Nxd6 Re7+ 59. Kd5 Nf4+ 60. Kxc5 Nxd3+ 61. Kc6 Re6 62. c5 Nf4 63. Kd7 Rf6 64. c6 Ne6 65. Rh5+ Kg6 66. Re5 Nf8+ 67. Ke7 Rf3 68. c7 Rc3 69. c8=Q Rxc8 70.
Nxc8 1-0

[Event "Early-Titled-Tuesday-Blitz-February-20-2024"]
[Site "Chess.com"]
[Date "2024.02.20"]
[Round "2"]
[White "mestrefeitosa19"]
[Black "ajeale2"]
[Result "0-1"]
[WhiteElo "2237"]
[BlackElo "2507"]
[TimeControl "180+1"]
[EndTime "8:19:20 PST"]
[Termination "ajeale2 won by checkmate"]

1. c4 e6 2. e4 d5 3. exd5 exd5 4. cxd5 Nf6 5. Nc3 Nxd5 6. Bc4 Nb6 7. Bb3 Nc6 8. Nf3 Qe7+ 9. Qe2 Bg4 10. Nd5 Nxd5 11. Bxd5 Qxe2+ 12. Kxe2 Nd4+ 13. Kd3 O-O-O 14. Kxd4 c6 15. Kc3 Rxd5 16. d4 f6 17. Be3 a5 18. a3 g6 19. Nd2 Bg7 20. Nc4 Kb8 21.
Nb6 Rb5 22. Nc4 Be6 23. Nd2 a4 24. Rab1 f5 25. b4 axb3 26. Nxb3 Rd8 27. Nd2 Rxb1 28.
Rxb1 c5 29. Nf3 Bd5 30. Bf4+ Ka7 31. Be5 cxd4+ 32. Bxd4+ Bxd4+ 33. Nxd4 Bxg2 34. Nb5+ Kb8 35. Nd4 Rc8+ 36. Kd2 Be4 37. Rb4 Rd8 38. Ke3 Bd5 39.
Kf4 Re8 40. Kg5 Re4 41. Kh6 Rh4+ 42. Kg7 Rxh2 43. Nb5 Rxf2 44. Nc3 Bc6 45. a4 g5 46. a5 Ka7 47. Nd1 Rf3 48. Nb2 g4 49. Nc4 Rf4 50. a6 Bd5 51. axb7 Bxb7 52. Ra4+ Kb8 53. Rb4 g3 54. Rb3 Rxc4 55. Rxg3 f4 56. Rg4 h5 57.
Rh4 Bf3 58. Kf6 Bg4 59. Kg5 f3 60. Rh2 Re4 61. Rf2 Re2 62. Rf1 f2 63. Kh4 Kc7 64. Kg3 Kd6 65. Rd1+ Ke5 66. Rh1 Kf5 67. Rh2 Kg5 68. Rh1 h4+ 69. Kg2 f1=Q+ 70. Kxf1 Rd2 71. Rg1 Rd1+ 72. Kg2 Rxg1+ 73. Kxg1 Kf4 74. Kh2 h3 75. Kg1 Kg3 76. Kh1 Bf3+ 77. Kg1 h2+ 78. Kf1 h1=Q# 0-1

[Event "Early-Titled-Tuesday-Blitz-February-20-2024"]
[Site "Chess.com"]
[Date "2024.02.20"]
[Round "2"]
[White "MaestroCheck"]
[Black "Zohid6"]
[Result "0-1"]
[WhiteElo "2577"]
[BlackElo "2866"]
[TimeControl "180+1"]
[EndTime "8:19:22 PST"]
[Termination "Zohid6 won by resignation"]

1. e4 e5 2. Nf3 Nf6 3. d4 Nxe4 4. dxe5 d5 5. Nbd2 Qd7 6. Bd3 Nc5 7. Be2 Be7 8. O-O Nc6 9. c3 a5 10. Re1 O-O 11. Nf1 b6 12. Ng3 Rd8 13. Be3 Qe8 14.
Qc2 Ne6 15. Rad1 Bb7 16. Bd3 g6 17. Bb5 Ba6 18. Qa4 Bxb5 19. Qxb5 Qd7 20. c4 d4 21. Bc1 Nc5 22. Ne4 d3 23. Bg5 Nxe4 24.
Bxe7 Nxe7 25. Qxd7 Rxd7 26. Rxe4 Nc6 27. a3 Re8 28.
Re3 Rde7 29. Rdxd3 Nxe5 30. Nxe5 Rxe5 31. Rxe5 Rxe5 32.
Kf1 Rc5 33. Rc3 a4 34. Ke2 Kf8 35. Kd3 Ke7 36. Rc2 Re5 37. Re2 Kd6 38. Rd2 Kc5 39. Kc3 c6 40. Rd7 Rf5 41. f3 Rf4 42. Kd3 h5 43. Ra7 Rd4+ 44. Ke3 Rxc4 45. Kd3 Rf4 46. Ke3 Rh4 47. h3 f5 48. f4 Kd6 49. Rxa4 g5 50. Kf3 Ke6 51. Kg3 b5 52. Rb4 Rxf4 53. Rxf4 gxf4+ 54.
Kxf4 c5 55. Ke3 Kd5 56. Kd3 f4 57. h4 c4+ 58. Kc3 Kc5 59. Kc2 Kd4 60. Kd2 Ke5 61. Kc3 Ke4 62. Kb4 Ke3 63. Kxb5 Kf2 64. a4 Kxg2 65. a5 f3 66. a6 f2 67. a7 f1=Q 68.
a8=Q+ Kh3 69. Qd8 c3+ 70. Kc5 c2 71. Qd7+ Kh2 72. Qd2+ Qg2 73. Qc1 Qg1+ 0-1

[Event "Early-Titled-Tuesday-Blitz-February-20-2024"]
[Site "Chess.com"]
[Date "2024.02.20"]
[Round "2"]
[White "amylazy"]
[Black "HittingRookBottom"]
[Result "0-1"]
[WhiteElo "2414"]
[BlackElo "2052"]
[TimeControl "180+1"]
[EndTime "8:19:22 PST"]
[Termination "HittingRookBottom won on time"]

1. d4 c6 2. Nf3 d5 3. c4 Bf5 4.
cxd5 cxd5 5. Nc3 Nf6 6. Qb3 e6 7. Qxb7 Nbd7 8. Bf4 Be7 9. Ne5 O-O 10. Nc6 Qe8 11.
Nxe7+ Qxe7 12. e3 Nh5 13. Bg3 Nxg3 14. hxg3 Rab8 15. Qxa7 Rxb2 16. Bb5 Rxb5 17. Nxb5 Qb4+ 18. Kf1 Qxb5+ 19. Kg1 Nf6 20. Rh4 Qe2 21. Rf4 Bd3 22. Qa5 Qh5 23. Qd2 Bc4 24. Rh4 Qf5 25. a4 Ne4 26.
Qe1 Nd6 27. a5 g5 28. Rh5 Qg6 29. Rh2 Qf6 30. a6 Ra8 31. a7 Nb5 32. Qa5 Qe7 33.
Qb6 Rxa7 34. Qb8+ Kg7 35. Qe5+ f6 36. Rxa7 Qxa7 37. Rxh7+ Kxh7 38. Qxf6 Qg7 39. Qf3 Nc3 40. Qh5+ Kg8 41. Qe8+ Qf8 42. Qg6+ Kh8 43. Qh5+ Kg7 44. Qxg5+ Kf7 45. Qf4+ Ke7 46. Qc7+ Kf6 47. Qf4+ Kg6 48. Qg4+ Kh7 49. Qh5+ Kg8 50. Qg5+ Kh8 51. Qh5+ Kg8 52. Qg6+ Qg7 53. Qe8+ Kh7 54. Qh5+ Qh6 55. Qf7+ Kh8 56.
Qe8+ Kg7 57. Qe7+ Kg6 58. Qxe6+ Kg7 59. Qe7+ Kh8 60. Qe8+ Kh7 61. Qf7+ Qg7 62. Qh5+ Kg8 63. Qe8+ Qf8 64. Qg6+ Kh8 65. Qh5+ Kg7 66. Qg5+ Kf7 67. Qf4+ Ke7 68. Qc7+ Ke6 69. Qc6+ Qd6 70. Qe8+ Qe7 71. Qc6+ Kf7 72. Qh6 Bd3 73. Qf4+ Ke8 74. Qb8+ Qd8 75. Qe5+ Kd7 76. f4 Qc7 77. Qg7+ Kc6 0-1

[Event "Early-Titled-Tuesday-Blitz-February-20-2024"]
[Site "Chess.com"]
[Date "2024.02.20"]
[Round "2"]
[White "a-z30"]
[Black "MAGMAchess02"]
[Result "1-0"]
[WhiteElo "2504"]
[BlackElo "2235"]
[TimeControl "180+1"]
[EndTime "8:19:23 PST"]
[Termination "a-z30 won by checkmate"]

1. d3 c5 2. Nf3 Nc6 3. g3 g6 4. Bg2 Bg7 5. O-O Nf6 6. c4 O-O 7. Nc3 d5 8. cxd5 Nxd5 9. Nxd5 Qxd5 10. Be3 Qd6 11. Rc1 Nd4 12. Nxd4 cxd4 13. Bf4 e5 14. Bd2 Be6 15. Qa4 Qb6 16. Rc2 Rac8 17. Rfc1 Rxc2 18.
Rxc2 a6 19. b3 h5 20. Ba5 Qb5 21. Qxb5 axb5 22. Bxb7 Rb8 23. Bf3 b4 24. Kg2 Rb5 25. Bd8 Bd5 26. Bxd5 Rxd5 27. Be7 Rb5 28. Rc8+ Kh7 29.
Kf3 Ra5 30. Rc2 Rb5 31. h3 Kg8 32. Rc4 Ra5 33. Rxb4 Rxa2 34. Rb8+ Kh7 35. b4 Rb2 36.
Bc5 f5 37. Re8 Bf6 38. Bd6 e4+ 39. dxe4 Rb3+ 40. Kg2 fxe4 41. Rxe4 Kg7 42. Bc5 Kf7 43. Bxd4 Rxb4 44. e3 Bxd4 45. Rxd4 Rb2 46. h4 Kg7 47. Kf3 Rb5 48. Rf4 Re5 49. Kg2 Re6 50.
Rd4 Re5 51. e4 Re6 52. f4 Rb6 53. Rd3 Rb2+ 54. Kf3 Kf6 55. Rd6+ Kf7 56. Rd3 Rb4 57. e5 Rc4 58. Ke3 Rc7 59. Kf3 Rb7 60. Rd6 Ra7 61. Kg2 Kg7 62. Kh3 Rb7 63. e6 Kf6 64. e7+ Kxe7 65. Rxg6 Kf7 66. Rg5 Kf6 67. Rxh5 Rb3 68. Rg5 Rb2 69. Kg4 Rc2 70. h5 Rc4 71. Rg6+ Kf7 72.
Kg5 Rc5+ 73. f5 Rc3 74. g4 Rc8 75. Ra6 Rg8+ 76. Rg6 Kf8 77. h6 Rh8 78. Rg7 Ke8 79. Kg6 Kf8 80. g5 Ke8 81. f6 Kf8 82. h7 Rxh7 83. Rxh7 Kg8 84. Re7 Kf8 85. Re5 Kg8 86.
Re8# 1-0

[Event "Early-Titled-Tuesday-Blitz-February-20-2024"]
[Site "Chess.com"]
[Date "2024.02.20"]
[Round "2"]
[White "kleopl"]
[Black "fighter2jz"]
[Result "0-1"]
[WhiteElo "2544"]
[BlackElo "2776"]
[TimeControl "180+1"]
[EndTime "8:19:26 PST"]
[Termination "fighter2jz won by resignation"]

1. e4 c5 2. Nf3 Nc6 3. d4 cxd4 4. Nxd4 e5 5. Nb5 Nf6 6. N1c3 d6 7. Bg5 a6 8. Na3 Be7 9. Bxf6 Bxf6 10. Nc4 Be7 11. Nd5 Be6 12. Nxe7 Kxe7 13. Ne3 Qb6 14. b3 Qb4+ 15.
Qd2 Qxe4 16. Bd3 Qd4 17. c3 Qf4 18. O-O Rhd8 19. g3 Qh6 20. f4 Kf8 21. Bc4 Bxc4 22. Nxc4 d5 23. Nb6 Rab8 24. Nxd5 Ne7 25. c4 Nxd5 26.
cxd5 Qb6+ 27. Kh1 Qd4 28. Qg2 Qxd5 29. fxe5 Qxe5 30. Rae1 Qd5 31. Qxd5 Rxd5 32. Re2 Rbd8 33. Rff2 f6 34. Kg2 Kf7 35. h4 h5 36. Rc2 R8d7 37.
Rfe2 Rd3 38. Kf2 Kg6 39. Kg2 R7d4 40. Kh2 Rg4 41. Rg2 Rd7 42. Rcf2 Kh6 43. Rf3 Rgd4 44. Rff2 R7d6 45. Rc2 g5 46. hxg5+ fxg5 47. Rc7 Rd7 48. Rxd7 Rxd7 49. Rc2 Kg6 50. Rf2 Rd3 51. Kg2 g4 52. Rc2 Rd5 53. Kf2 Kg5 54. Ke3 Re5+ 55. Kf2 Rf5+ 56.
Kg2 Rd5 57. Rf2 h4 58. gxh4+ Kxh4 59. Re2 Rd3 60. Rc2 Rg3+ 61. Kh2 Rh3+ 62. Kg2 Rd3 63. Re2 b5 64. Rc2 a5 65. Re2 a4 66. bxa4 bxa4 67. Rc2 a3 68. Kh2 Rh3+ 69. Kg2 Rg3+ 70. Kh2 Rd3 71.
Kg2 Rd7 72. Kg1 Rd1+ 73. Kg2 Rb1 74. Rc8 Rb2+ 75. Kg1 Rxa2 76. Rc3 g3 77. Rc8 Ra1+ 78. Kg2 Ra2+ 79. Kg1 Rb2 80. Rc4+ Kh3 81. Rc1 a2 0-1

[Event "Early-Titled-Tuesday-Blitz-February-20-2024"]
[Site "Chess.com"]
[Date "2024.02.20"]
[Round "2"]
[White "BardArtem"]
[Black "Goffredo_Fofi"]
[Result "1-0"]
[WhiteElo "2783"]
[BlackElo "2550"]
[TimeControl "180+1"]
[EndTime "8:19:36 PST"]
[Termination "BardArtem won by checkmate"]

1. e4 g6 2. d4 Bg7 3. Nc3 c6 4. h4 d5 5. exd5 cxd5 6. h5 Nc6 7.
Be3 Nh6 8. Nf3 Bg4 9. hxg6 hxg6 10. Be2 Nf5 11. Rxh8+ Bxh8 12. Qd2 Bxf3 13. Bxf3 e6 14. Ne2 Qb6 15. O-O-O Nxe3 16. fxe3 O-O-O 17. Kb1 Kb8 18. c3 Bg7 19. Nf4 Na5 20. Nd3 Nc4 21. Qe2 Bh6 22. e4 dxe4 23. Bxe4 Qb5 24. Bf3 a5 25. Ne5 Na3+ 26.
Ka1 Qxe2 27. Bxe2 Nc2+ 28. Kb1 Ne3 29. Rh1 Bf4 30. Nxf7 Rf8 31. Rh8 Rxh8 32. Nxh8 Nxg2 33. Nxg6 Bd6 34. Bg4 Nf4 35. Nxf4 Bxf4 36. Bxe6 Kc7 37. Kc2 Kd6 38. Bg4 b6 39. Kd3 Bc1 40. Kc2 Be3 41. b3 Bf2 42. Kd3 Be1 43. Kc4 Bd2 44. b4 axb4 45. cxb4 Be1 46. Bf3 Bd2 47. a4 Be1 48. Bb7 Kc7 49. Bf3 Kd6 50. Ba8 Kc7 51.
d5 Bd2 52. Kb5 Bc3 53. Bc6 Kb8 54.
Kxb6 Bxb4 55. Bd7 Bd2 56. Kc6 Be3 57. d6 Bf4 58. Bg4 Ka7 59. Be2 Bg5 60. Kd7 Kb7 61. Bb5 Kb6 62. Be2 Ka5 63. Bd1 Kb6 64. Ke6 Kb7 65. Be2 Kc6 66. Bb5+ Kb6 67. Kd7 Kb7 68. Ke8 Kb6 69. d7 Kc7 70. Bd3 Bh4 71. Be2 Bg5 72.
Bf1 Bh4 73. Bd3 Bg5 74. a5 Bh4 75. a6 Bg5 76. Be4 Kb6 77. Bb7 Kc7 78. Bc8 Kb6 79. d8=Q+ Bxd8 80. Kxd8 Ka7 81. Kc7 Ka8 82. Kb6 Kb8 83.
Bh3 Ka8 84. Bf5 Kb8 85. a7+ Ka8 86. Be4# 1-0

[Event "Early-Titled-Tuesday-Blitz-February-20-2024"]
[Site "Chess.com"]
[Date "2024.02.20"]
[Round "2"]
[White "rhungaski"]
[Black "Panchenko_Dmitry"]
[Result "1/2-1/2"]
[WhiteElo "2577"]
[BlackElo "2825"]
[TimeControl "180+1"]
[EndTime "8:19:40 PST"]
[Termination "Game drawn by repetition"]

1. e4 c6 2. d4 d5 3. e5 Bf5 4. g4 Be4 5. f3 Bg6 6. e6 Qd6 7. exf7+ Bxf7 8. f4 Nf6 9. Bh3 Nbd7 10. Nf3 Ne4 11. Nc3 O-O-O 12. O-O c5 13. Ne5 Be6 14. Nxe4 dxe4 15. Be3 Qc7 16. Qe2 Nxe5 17.
dxe5 Bd5 18. c4 Bc6 19. Rad1 e6 20. Rxd8+ Qxd8 21. Rd1 Qc7 22. f5 Be7 23. Bf4 Rd8 24.
g5 exf5 25. Bxf5+ Kb8 26. Rxd8+ Qxd8 27. e6+ Ka8 28. Qd2 Qxd2 29. Bxd2 g6 30. Bg4 Kb8 31. Be3 Kc7 32. b3 b6 33. Bf4+ Bd6 34. Be3 Be5 35.
e7 Kd6 36. Kf2 Kxe7 37. h4 Bd4 38. Ke2 Be5 39. h5 gxh5 40. Bxh5 Bd7 41. g6 hxg6 42. Bxg6 Bc6 43. Bg5+ Bf6 44. Bf4 Ke6 45. Ke3 Bd4+ 46. Ke2 Be5 47. Bg5 Bf6 48. Bf4 Be5 49. Bg5 Kd6 50. Ke3 Bd4+ 51. Ke2 a6 52. Bf4+ Be5 53. Bg5 b5 54. Bf7 bxc4 55. Bxc4 Bb5 56. Ke3 Bxc4 57. bxc4 Kc6 58. Kxe4 Bd4 59. Bf4 Bc3 60. Bg3 Bd2 61.
a4 Bc3 62. Kd3 Bf6 63. Be1 Be5 64. Ke4 Bb2 65. Bd2 Bd4 66. Be1 Bb2 67. Kf5 Kd6 68.
Bg3+ Kc6 69. Ke6 Bd4 70. Be1 Bb2 71. Ba5 Bd4 72. Bd8 Bc3 73. Be7 Bd4 74. Bg5 Bc3 75. Bf4 Bd4 76. Bd2 Bb2 77. Bf4 Bd4 78. Be5 Be3 79.
Bf6 Bd2 80. Bd8 Bc3 81. Be7 Bd4 82. Bg5 Bc3 83. Be7 1/2-1/2

[Event "Early-Titled-Tuesday-Blitz-February-20-2024"]
[Site "Chess.com"]
[Date "2024.02.20"]
[Round "2"]
[White "Alenzer"]
[Black "poummba"]
[Result "1-0"]
[WhiteElo "2147"]
[BlackElo "2395"]
[TimeControl "180+1"]
[EndTime "8:19:42 PST"]
[Termination "Alenzer won on time"]

1. e4 c5 2. Nf3 d6 3. c3 Nf6 4.
h3 g6 5. Bd3 Bg7 6. Bc2 O-O 7.
O-O Nc6 8. d4 e5 9. dxc5 dxc5 10. Qe2 Qc7 11. Na3 a6 12. Be3 b6 13. Rad1 Bb7 14.
Nc4 Rfe8 15. Nd6 Re7 16. Bb3 Na5 17. Nxb7 Nxb3 18. Nd6 Na5 19. b4 cxb4 20. cxb4 Nb7 21. Nc4 b5 22. Nb6 Rae8 23. Nd5 Nxd5 24. exd5 Nd6 25.
Bc5 e4 26. Nd4 Bxd4 27. Rxd4 f5 28. Rc1 Qd7 29. Bxd6 Qxd6 30. Rc6 Qe5 31. Qd1 Rd7 32.
Rxa6 e3 33. fxe3 Qxe3+ 34. Kh1 f4 35. d6 f3 36. gxf3 Rf8 37. Rd3 Qh6 38. Kg2 Qg5+ 39.
Kf2 Qh4+ 40. Kg2 Rf5 41. Ra8+ Kg7 42. Qa1+ Kh6 43. Qc1+ Rg5+ 44. Kf1 Qxh3+ 45. Ke2 Qg2+ 46. Ke1 Qg1+ 47. Kd2 Qxc1+ 48. Kxc1 Rg1+ 49. Kb2 Rg2+ 50. Kb3 Re2 51. Rc8 Re6 52. Rc6 Kg5 53. a4 bxa4+ 54. Kxa4 h5 55. b5 h4 56. b6 h3 57. Rc5+ Kf4 58.
Rc4+ Kg3 59. Rg4+ Kf2 60. Rh4 Kg3 61. Rg4+ Kf2 62. Rh4 Rdxd6 63. Rxd6 Rxd6 64. Rxh3 Rxb6 65. Ka5 Rf6 66. Rh6 Kxf3 67. Kb4 Re6 68. Kc4 Kf4 69.
Kd4 Kf5 70. Rh8 Re1 71. Rf8+ Kg4 72. Rg8 g5 73. Kd3 Kf4 74. Kd2 Re7 75. Kd3 g4 76.
Rf8+ Kg3 77. Rg8 Kf3 78. Rf8+ Kg2 79. Rg8 g3 80. Rg6 Kf2 81. Rf6+ Kg1 82. Rg6 g2 83. Kd2 Re5 84. Kd1 Kf2 85. Rf6+ Kg3 86. Rg6+ Kf3 87. Kd2 1-0